Map: Radhuset Station LE

Players

SubN

  • Race: Zerg Zerg
  • League: Diamond
  • Spawn Location: 7:00

Giafar - Winner!

  • Race: Terran Terran
  • League: Diamond
  • Spawn Location: 1:00

VOD

Have the link to the VOD?

Description

Time

  • Played on: Dec. 17, 2023, 4:06 p.m.
  • Length: 6:37
Show
View Real Time Build Order
Export as new Build Order

SubN Zerg 

Build Orders: Pool First 

Get SALT Encoding   

  12  0:00  Drone  
  13  0:08  Drone  
  13  0:12  Extractor  
  13  0:29  Spawning Pool  
  12  0:59  Hatchery  
  11  1:18  Queen  
  13  1:28  Metabolic Boost  
  13  1:38  Overlord  
  13  1:44  Drone  
  14  2:05  Zergling x2  
  14  2:06  Zergling x4  
  17  2:11  Queen  
  19  2:17  Zergling x2  
  19  2:20  Zergling x2  
  21  2:28  Overlord  
  21  2:33  Zergling x2  
  21  2:48  Zergling x6  
  24  2:59  Drone x3  
  27  3:20  Drone x4  
  27  3:21  Drone  
  32  3:28  Overlord  
  32  3:35  Overlord  
  31  4:04  Drone x3  
  31  4:05  Drone  
  35  4:14  Drone x2, Hatchery  
  37  4:17  Drone  
  37  4:21  Drone  
  38  4:24  Drone  
  38  4:27  Drone  
  38  4:29  Drone  
  41  4:37  Drone x2  
  41  4:38  Drone  
  44  4:40  Drone  
  45  4:47  Queen  
  47  4:54  Lair  
  47  4:56  Drone  
  44  5:16  Drone  
  44  5:17  Drone x2, Extractor  
  43  5:21  Zergling x2  
  43  5:22  Zergling x14  
  51  5:29  Spine Crawler  
  51  5:30  Queen  
  52  5:36  Zergling x6, Spine Crawler  
  53  5:56  Zergling x10  
  53  6:07  Zergling x14  
  54  6:24  Hydralisk Den  
Show
View Real Time Build Order
Export as new Build Order

Giafar Terran - Winner!

Build Orders: Gas First Reaper Expand 

Get SALT Encoding   

  12  0:02  SCV  
  13  0:17  SCV  
  13  0:19  Supply Depot  
  14  0:28  Refinery  
  14  0:29  SCV  
  15  0:42  Barracks  
  15  0:47  SCV  
  16  0:59  SCV  
  17  1:11  SCV  
  18  1:23  SCV  
  19  1:29  Reaper  
  20  1:40  Command Center  
  20  1:50  Orbital Command  
  20  2:07  Barracks Reactor  
  19  2:20  Command Center  
  19  2:23  Barracks Reactor  
  19  2:31  SCV  
  19  2:55  Refinery, Factory  
  19  2:57  Supply Depot, Orbital Command  
  19  3:00  Marine  
  19  3:04  Marine  
  19  3:33  Orbital Command  
  19  3:42  Hellion  
  21  3:49  Starport  
  21  3:50  Marine x2  
  23  3:58  SCV  
  24  4:13  Hellion x2  
  24  4:14  SCV  
  24  4:15  SCV  
  30  4:18  Barracks Tech Lab  
  30  4:28  Armory  
  30  4:34  Hellion  
  30  4:35  Hellion  
  34  4:43  Medivac  
  34  4:44  Orbital Command, Marine  
  37  4:47  Stimpack  
  37  4:54  SCV  
  38  5:04  Hellion  
  38  5:05  Hellion, Marine  
  43  5:09  SCV  
  44  5:23  Marine  
  44  5:25  Medivac  
  44  5:26  Hellion x2  
  51  5:29  SCV  
  52  5:37  Barracks, SCV  
  52  5:40  Marine  
  54  5:51  SCV x3  
  57  5:58  Medivac  
  57  6:03  SCV  
  57  6:15  SCV x2  
  59  6:19  SCV  
  59  6:21  Supply Depot  
  59  6:22  Supply Depot  
  59  6:24  Supply Depot  
Tags
 
Add a new tag
Caveats
  • Supply blocks, unpowered buildings, or Contaminate may cause inaccurate times.
  • Supply counts are checked every 10 seconds.